Cogmind - Beta 15 @@@ ROGUE MODE // 2025.06.15 @ 21:49:13 Player: Pancakes Result: Destroyed by exploding Nuclear Reactor Performance ------------- Evolutions (1) 500 Regions Visited (2) 400 Robots Destroyed (47) 235 Value Destroyed (908) 908 Prototype IDs (3) 60 Alien Tech Used (0) 0 Bonus (0) 0 TOTAL SCORE: 2103 Bonus ------- None Cogmind --------- Core Integrity 0/400 Matter 300/300 Energy 100/100 System Corruption 14% Temperature Cool (0) Movement Core (100) Ox1 Location -9/Materials Parts ------- > --- POWER (1) -------- (None) > --- PROPULSION (4) --- (None) > --- UTILITY (2) ------ Hacking Suite > --- WEAPON (2) ------- Katana Katana > --- INVENTORY (5) ---- Targeting Computer Light Armor Plating Light Assault Rifle Datajack Mining Laser Peak State ------------ > --- POWER ------------ Light Ion Engine > --- PROPULSION ------- Aluminum Leg Aluminum Leg Aluminum Leg Flight Unit > --- UTILITY ---------- Light Armor Plating Hacking Suite > --- WEAPON ----------- Katana Katana > --- INVENTORY -------- Targeting Computer Light Armor Plating Light Assault Rifle Datajack Mining Laser [Rating: 15] Favorites ----------- Power Light Ion Engine Engine Light Ion Engine Propulsion Flight Unit Leg Aluminum Leg Hover Unit Hover Unit Flight Unit Flight Unit Utility Small Storage Unit Device Improved Terrain Scanner Storage Small Storage Unit Processor Signal Interpreter Hackware Hacking Suite Protection Light Armor Plating Weapon Katana Energy Gun Improved EM Shotgun Ballistic Gun Light Assault Rifle Special Weapon Mining Laser Slashing Weapon Katana Build | -11 -10 -9 ------- Run | Yrd Mat Mat Slots Evolved 2 | . . 2 Power . | . . . Propulsion 2 | . . 2 Utility . | . . . Weapon . | . . . Parts Attached 35 | 9 8 18 Power 4 | 2 1 1 Engine 4 | 2 1 1 Core . | . . . Reactor . | . . . Propulsion 15 | 2 3 10 Treads . | . . . Leg 7 | 2 . 5 Wheel . | . . . Hover 1 | . . 1 Flight 7 | . 3 4 Utility 9 | 3 2 4 Device 4 | 2 1 1 Storage 1 | 1 . . Processor 1 | . 1 . Hackware 1 | . . 1 Protection 2 | . . 2 Artifact . | . . . Weapon 7 | 2 2 3 Energy Gun 1 | . . 1 Energy Cannon . | . . . Ballistic Gun 3 | 2 1 . Ballistic Cannon . | . . . Launcher . | . . . Special Weapon 1 | . 1 . Impact Weapon . | . . . Slashing Weapon 2 | . . 2 Piercing Weapon . | . . . Special Melee Weapon . | . . . Unidentified Prototypes 1 | . . 1 Parts Lost 16 | . . 16 Power 1 | . . 1 Propulsion 10 | . . 10 Utility 4 | . . 4 Weapon 1 | . . 1 Highest Loss Streak 7 | . . 7 To Critical Strikes . | . . . Average Backups 4 | 2 5 4 Power 1 | 1 1 . Propulsion . | . 1 . Utility 1 | . . 1 Weapon 1 | . 1 1 Tool/Special . | . . . Unused Backups 12 | . 6 6 Power 2 | . 2 . Propulsion 3 | . 3 . Utility 2 | . . 2 Weapon 4 | . 1 3 Tool/Special 1 | . . 1 Average Slot Usage (%) 93 | . 98 90 Engine 11 | . 14 10 Leg 14 | . 16 12 Hover 1 | . . 2 Flight 19 | . 11 24 Device 11 | . 14 9 Storage 3 | . 8 . Processor 3 | . 4 3 Protection 3 | . . 6 Ballistic Gun 10 | . 24 1 Special Weapon 3 | . 3 2 Slashing Weapon 9 | . . 15 Peak Build Rating 15 | 9 9 15 Average Rating 9 | 6 8 11 On Entrance 5 | . 9 7 Naked Turns . | . . . Heaviest Build 13 | 13 12 11 Greatest Support 30 | 20 20 30 Greatest Overweight (x) 1 | . . 1 Average Overweight (x) . | . . . Largest Inventory Capacity 8 | 8 8 5 Average Capacity 6 | 7 6 5 Most Carried 8 | 5 8 5 Average Carried 4 | 2 5 4 Final Capacity 8 | 8 5 5 Final Carried 5 | 5 5 5 Class Distribution -------------------- 60% | Scavenger-Mutant 39% | Mutant Dominant Class ---------------- Mutant | -10/Materials Scavenger-Mutant | -9/Materials Resources | -11 -10 -9 ----------- Run | Yrd Mat Mat Matter Collected 852 | 378 204 270 Remotely . | . . . Salvage Created 1426 | 217 236 973 Parts 91 | 12 16 63 Haulers Intercepted 1 | . . 1 Recyclers Shooed 1 | 1 . . Parts Field Recycled . | . . . Retrieved Matter . | . . . Parts Self-Destructed . | . . . Prevented . | . . . Kills | -11 -10 -9 ------- Run | Yrd Mat Mat Combat Hostiles Destroyed 28 | . 6 22 Melee 22 | . . 22 Guns 6 | . 6 . Classes Destroyed 11 | 3 3 5 Worker 2 | 1 1 . Builder 1 | . . 1 Tunneler 6 | 6 . . Hauler 1 | . . 1 Recycler 2 | 1 1 . Operator 3 | . 2 1 Watcher 4 | . . 4 Swarmer 12 | . 5 7 Grunt 11 | . 1 10 Brawler 1 | . . 1 Sentry 4 | . . 4 Best Kill Streak 5 | 3 3 5 Combat Bots Only 5 | . 3 5 Max Kills in Single Turn 3 | 1 1 3 Gunslinging . | . . . Exploded . | . . . Melee 1 | . . 1 Uniques/NPCs Destroyed . | . . . Combat | -11 -10 -9 -------- Run | Yrd Mat Mat Hostile Shots Fired 141 | . 25 116 Missed 40 | . 7 33 Hits 101 | . 18 83 Melee 4 | . . 4 Projectile 97 | . 18 79 Critical Strikes 1 | . 1 . Damage Taken 1343 | . 197 1146 Core 487 | . 67 420 Absorbed by Shields . | . . . Regen/Repaired (Parts) 14 | . . 14 Core Remaining (%) 86 | 100 73 . Volleys Fired 67 | 22 33 12 Largest 2 | 2 2 2 Hottest 145 | 40 100 145 Shots Fired 118 | 44 61 13 Gun 103 | 44 56 3 Cannon . | . . . Launcher . | . . . Special 15 | . 5 10 Kinetic 100 | 44 56 . Thermal 15 | . 5 10 Explosive . | . . . Electromagnetic 3 | . . 3 Robot Hit Streak 8 | 5 8 1 Robot Miss Streak 3 | 3 3 2 Penetration Max . | . . . Secondary Targets 1 | . 1 . Max Gunslinging Chain 1 | . 1 . Shots Hit Robots 119 | 24 35 60 Core Hits 53 | 9 17 27 Critical Kills . | . . . Critical Parts Destroyed . | . . . Critical Strikes 9 | . . 9 Sever 9 | . . 9 Melee Attacks 88 | . . 88 Impact . | . . . Slashing 88 | . . 88 Piercing . | . . . Sneak Attacks 4 | . . 4 Combat Hostiles 2 | . . 2 Follow-up Attacks 9 | . . 9 Damage Inflicted 2711 | 267 371 2073 Guns 658 | 267 371 20 Cannons . | . . . Explosions 101 | . . 101 Melee 1952 | . . 1952 Ramming . | . . . Kinetic 638 | 267 371 . Thermal 101 | . . 101 Explosive . | . . . Electromagnetic 20 | . . 20 Impact . | . . . Slashing 1952 | . . 1952 Piercing . | . . . Highest Corruption 14 | . 2 14 Average Corruption 10 | . 2 13 Corruption Purged . | . . . Corruption Blocked . | . . . Effects 34 | . 8 26 Message Errors 6 | . 1 5 Matter Fused 10 | . 2 8 Heat Flow Errors 6 | . . 6 Energy Discharges 3 | . 2 1 Parts Rejected 1 | . . 1 Data Loss (minor) 4 | . 2 2 Alerts 4 | . 1 3 Overload Shots . | . . . Overflow Damage 66 | . . 66 Projectiles . | . . . Explosions . | . . . Melee 66 | . . 66 Knockbacks . | . . . Impact . | . . . Kinetic . | . . . Secondary . | . . . Self-Inflicted Damage 10 | . . 10 Shots 1 | . . 1 Rammed . | . . . Targets Rammed . | . . . Kicked . | . . . Crushed . | . . . Highest Temperature 267 | . 58 267 Average Temperature 48 | . 16 61 Received Heat Transfer 360 | . 24 336 Siege Activations . | . . . Martial Activations . | . . . Shielding Activations . | . . . Robots Disrupted . | . . . Combat Hostiles . | . . . Robots Corrupted . | . . . Combat Hostiles . | . . . Parts Fried . | . . . Impact Corruptions . | . . . Robots Melted . | . . . Combat Hostiles . | . . . Parts Melted . | . . . Heat Transferred 50 | . . 50 Parts Sabotaged . | . . . Parts Stolen . | . . . Parts Stripped . | . . . Power Chain Reactions 1 | . . 1 Alert | -11 -10 -9 ------- Run | Yrd Mat Mat Maximum Alert Level 1 | . . 1 Low Security (%) 95 | 100 100 90 Level 1 4 | . . 9 Level 2 . | . . . Level 3 . | . . . Level 4 . | . . . Level 5 . | . . . High Security . | . . . Max Security . | . . . Peak Influence 235 | 5 117 235 Initial 35 | . . 35 Average 65 | 1 30 110 Influence Increases 950 | 40 268 642 Destroy 0b10 Robot/C 560 | . 120 440 Destroy 0b10 Robot/NC 95 | 40 20 35 Destroy Leader 140 | . 30 110 Successful Hack 5 | . 5 . Disable Machine 15 | . 15 . Destroy Structure 15 | . 3 12 Partial Spotted 15 | . . 15 Lose Combat Pursuer 105 | . 75 30 Influence Decreases 737 | 40 182 515 Entered New Map 51 | . . 51 Time Decay 586 | 40 182 364 Lost Part 100 | . . 100 Squads Dispatched 4 | . 2 2 Investigation 1 | . . 1 Extermination . | . . . Reinforcement 3 | . 2 1 Assault . | . . . Garrison . | . . . Intercept . | . . . Searches Triggered . | . . . Construction Impeded . | . . . Haulers Reinforced . | . . . Active Scanning Responses . | . . . Cargo Convoy Interrupts . | . . . Stealth | -11 -10 -9 --------- Run | Yrd Mat Mat Distress Signals . | . . . Communications Jammed . | . . . Distress Signals . | . . . Times Spotted 41 | . 14 27 Peak Tracking Total 6 | . 3 6 Tactical Retreats 4 | . 2 2 Traps | -11 -10 -9 ------- Run | Yrd Mat Mat Traps Triggered 2 | . 2 . Indirectly . | . . . Trap Hack Attempts . | . . . Triggered . | . . . Disarmed . | . . . Reprogrammed . | . . . Reused . | . . . Traps Extracted . | . . . Installed . | . . . Triggered . | . . . Machines | -11 -10 -9 ---------- Run | Yrd Mat Mat Machines Disabled 1 | . 1 . Max in Single Turn 1 | . 1 . Machines Repaired . | . . . Machines Dismantled . | . . . Machines Sabotaged . | . . . Overloaded Fab Kills . | . . . Hacking | -11 -10 -9 --------- Run | Yrd Mat Mat Machines Accessed 3 | . 1 2 Terminals 1 | . 1 . Fabricators . | . . . Repair Stations 1 | . . 1 Recycling Units . | . . . Scanalyzers 1 | . . 1 Garrison Access . | . . . Total Hacks 7 | . 1 6 Successful 4 | . 1 3 Failed 3 | . . 3 Catastrophic . | . . . Database Lockouts . | . . . Manual . | . . . Terminals 1 | . 1 . Fabricators . | . . . Repair Stations 3 | . . 3 Recycling Units . | . . . Scanalyzers 3 | . . 3 Garrison Access . | . . . Terminal Hacks 1 | . 1 . Prototype ID Bank 1 | . 1 . Fabricator Hacks . | . . . Repair Station Hacks 2 | . . 2 Scan Component 1 | . . 1 Repair 1 | . . 1 Recycling Unit Hacks . | . . . Scanalyzer 1 | . . 1 Insert Component 1 | . . 1 Garrison Access Hacks . | . . . Unauthorized Hacks . | . . . Terminals . | . . . Fabricators . | . . . Repair Stations . | . . . Recycling Units . | . . . Scanalyzers . | . . . Garrison Access . | . . . Data Cores Recovered . | . . . Used . | . . . Hacking Detections 2 | . . 2 Full Trace Events 2 | . . 2 Feedback Events . | . . . Feedback Blocked . | . . . Robot Schematics Acquired . | . . . Robots Built . | . . . Authchips . | . . . Time . | . . . Total Robot Build Rating . | . . . Part Schematics Acquired . | . . . Parts Built . | . . . Authchips . | . . . Time . | . . . Total Part Build Rating . | . . . Parts Repaired 1 | . . 1 Time 26 | . . 26 Parts Recycled . | . . . Recycled Matter . | . . . Retrieved Matter . | . . . Retrieved Components . | . . . Parts Scanalyzed . | . . . Part Schematics Acquired . | . . . Parts Damaged . | . . . Bothacking | -11 -10 -9 ------------ Run | Yrd Mat Mat Used RIF Installer . | . . . Robots Hacked . | . . . Non-combat . | . . . Combat . | . . . Robot Hacks Applied . | . . . Relay Couplers Released . | . . . Fabnet Peak Effective % . | . . . Robots Rewired . | . . . Allies Hacked . | . . . Hacks Repelled . | . . . Allies | -11 -10 -9 -------- Run | Yrd Mat Mat Total Allies . | . . . Largest Group . | . . . Highest-Rated Group . | . . . Highest-Rated Ally . | . . . Total Orders . | . . . Ally Attacks . | . . . Total Damage . | . . . Kills . | . . . Allies Corrupted . | . . . Allies Melted . | . . . Intel | -11 -10 -9 ------- Run | Yrd Mat Mat Active Infowar (turns) 1131 | 165 662 304 Sensors 507 | . 203 304 Terrain 597 | 138 459 . Seismic 27 | 27 . . Robot Analysis Total . | . . . Derelict Logs Recovered . | . . . Drone Launches . | . . . Drone Recoveries . | . . . Exploration | -11 -10 -9 ------------- Run | Yrd Mat Mat Turns Passed 2060 | 355 664 1041 Spaces Moved 1582 | 250 660 672 Core 49 | 45 . 4 Treads . | . . . Legs 637 | 205 265 167 Wheels . | . . . Hover . | . . . Flight 896 | . 395 501 Fastest Speed 34 | 50 37 34 Average Speed 71 | 107 70 59 Slowest Speed 127 | 120 120 127 Overloaded Moves . | . . . Propulsion Burnouts . | . . . Robots Hopped 4 | . 2 2 Potential Cave-ins . | . . . Cave-ins Triggered . | . . . Exploration Rate (%) 36 | 7 53 50 Regions Visited 2 Branch Regions . Pre-discovered Areas . | . . . Known Exits Taken 1 | . 1 . Unknown Exits Taken 1 | 1 . . Scrap Searched . | . . . Spaces Dug 14 | . 4 10 Terrain Destroyed 16 | . 4 12 Melee . | . . . Projectile 14 | . 4 10 AOE 2 | . . 2 Terrain Rammed . | . . . Walls Destroyed . | . . . Machines Disabled . | . . . Actions | -11 -10 -9 --------- Run | Yrd Mat Mat Total 2249 | 296 796 1157 Wait 422 | 2 67 353 Move 1572 | 249 655 668 Hop 4 | . 2 2 Pick Up 41 | 13 14 14 Fast Attach 9 | . 1 8 Attach 21 | 7 3 11 Detach 1 | . . 1 Swap 10 | 2 6 2 Drop 24 | 1 15 8 Fire 67 | 22 33 12 Melee 78 | . . 78 Ram . | . . . Kick . | . . . Crush . | . . . Escape Stasis . | . . . Rewire . | . . . Trap . | . . . Miscellaneous . | . . . Route ------- -11/Scrapyard -10/Materials (discovered 2 exits: *Mat / [*Min]) -9/Materials (discovered 2 exits: [*Mat] / [*Min]) History --------- Turn | Location | Event 11 | -11/Scrapyard | Discovered new exit (range 16) 356 | -11/Scrapyard | Entered Materials 357 | -10/Materials | Build established: Mutant 357 | -10/Materials | Met a group of wandering Federalists 771 | -10/Materials | Discovered new exit (range 11) 1017 | -10/Materials | Discovered new exit (range 8) 1019 | -10/Materials | Identified exit to Materials 1020 | -10/Materials | Entered another Materials area 1020 | -9/Materials | Evolved 2 slots: Propulsion x2 1041 | -9/Materials | Build established: Scavenger-Mutant 1331 | -9/Materials | System corruption reached 10% 1365 | -9/Materials | Lost 7 parts (4n2u1w) 1482 | -9/Materials | Discovered new exit (range 7) 1696 | -9/Materials | Discovered new exit (range 5) 1727 | -9/Materials | Repaired Flight Unit 1784 | -9/Materials | Core integrity fell below 50% 2061 | -9/Materials | Destroyed by exploding Nuclear Reactor Last Messages --------------- System corrupted: Matter fused (-7). Acquired 7 matter. Aluminum Leg destroyed. Katana follow-up attack on S-10 Pest. Flight Unit destroyed. S-10 Pest destroyed. Katana follow-up attack on G-34 Mercenary. Aluminum Leg destroyed. System corrupted: Matter fused (-9). G-34 Mercenary Aluminum Leg severed. Destroyed Heat Sink. Katana follow-up attack on G-34 Mercenary. Lgt. Armor Plating destroyed. Destroyed Ion Engine. Katana follow-up attack on G-34 Mercenary. G-34 Mercenary destroyed. Nuclear Reactor explodes. Aluminum Leg destroyed. Nuclear Reactor explodes. T-07 Excavator destroyed. Map ----- +----------------------------------------------------+ | ?????????????????????????????????????????????????? | | ??????????????????????????????????????###########? | | ??????????????????????????????????????# ## | | ??????????????????????????????????????# # | | ??????????????????????????????????????# !! # | | ??????????????????????????????????????# !! # | | ??????????????????????????????????????# !! # | | ?????????????##########+####??????????# # | | ????????????? ############ # | | ???????????? = ^^ + % # | | ?????????????? % ! ####+###### | | ?????????????????????### ^ ! ##### | | ???????????????????????# | | ???????????????????????# | | ????????# ??????? ?????+ """ | | ?????+### ???#?? ?????# """ | | ???? ?? ?????# ############## """ | | ???? ###+##???# #?# # | | ???? %######+##### "" # | | ???? *%+[== # Y" # """ | | ???????"" """" [##%[ ! # "" # """ | | ????????? """" ##%= # %+[ """ | | ?????????? """" ## # """*%[ !# | | ??????????? ## # """ [ # | | ?????????? ## # """ # ###### | | ????????? ## @ ########### # | | ?????????####+## ##%| #??# + + """ | | ???????????????# ##= ###??# # # """ | | ???????????????# ###### # *# """ | | ???????????????# a k / # %# | | ???????????????# % ########## # =# [ | | ???????????????# ##+######?????# # ###### | | ????????????#### ##*[ #?????######## #????? | | ????????????#" #% #????????????# ###### | | ????????????#"" # #????????????# | | ????????????#!! # "" #????????????# | | ????????????#"" < # S"" #????????????# | | ????????????#!! # "" #????????????########## | | ????????????#"" ########?????????????????????? | | ????????????#" #????????????????????????????? | | ????????????#### ###############???????????????? | | ??????##??###### # #???????????????? | | ?###### ### + """ """ """ #???????????????? | | ?# + # """ """ """ #???????????????? | | ?# # # """ """ """ #???????????????? | | ?# # ###### """ """ """ #???????????????? | | ?# # #????# #???????????????? | | ?# + #??#################???????????????? | | ?# # ###########????????????????????????? | | ?# # =#[ #????????????????????????? | +----------------------------------------------------+ Best States ------------- Heat Dissipation 38 Energy Generation 10 Energy Capacity 250 Matter Stores 300 Matter Capacity 300 Sight Range 16 Robot Scan Range 14 Terrain Scan Range 16 Terrain Scan Density 10 Armor Coverage 150 Evasion (%) 63 Offensive Hacking 10 Item Schematics ----------------- None Robot Schematics ------------------ None Fabricated ------------ Nothing Repaired ---------- Flight Unit | 30% | -9/Materials Alien Tech Used ----------------- None Achievements -------------- None Challenges ------------ None Game ------ Seed CompositePhaseKit Manual? 0 Play Time 00:31:57 Cumulative 14.1 hours Start 2025.06.15 @ 21:08:15 End 2025.06.15 @ 21:49:13 Sessions 1 Manual Loads 0 Difficulty Rogue Special Mode None Game No. 17 Rogue 17 Adventurer 0 Explorer 0 Win Type - Total 0 Types 0/0/0/0/0/0/0/0/0/0 Lore% 16 Gallery% 13 Achievement% 13 Wizard Run 0 Options --------- Layout 1 ASCII 0 Keyboard 0 Movement Mouse Keybinds 0 Fullscreen 1 Font 32/SmallcapsGlow Map View 50x35 Zoom Use 0% Tactical HUD 0 Map Filters NONE Filters NONE Steam 1 RUN: 6e3e84ab-96c9-4522-baa9-96b6363f9374